 Dungeon Crawl Stone Soup version 0.22-a0-587-g7d32d7c (webtiles) character file.

36964 Amnesiac the Slinger (level 13, -16/95 HPs)
             Began as a Mummy Fighter on July 4, 2018.
             Was an Elder of Okawaru.
             Killed from afar by a fire dragon (38 damage)
             ... with a blast of flame
             ... on level 13 of the Dungeon.
             The game lasted 00:30:47 (19793 turns).

Amnesiac the Slinger (Mummy Fighter)               Turns: 19793, Time: 00:30:48

Health: -16/95     AC: 20    Str: 23    XL:     13   Next: 55%
Magic:  19/19      EV:  9    Int:  8    God:    Okawaru [****..]
Gold:   457        SH: 20    Dex: 12    Spells: 12/12 levels left

rFire    . . .     SeeInvis .   a - +1 hunting sling (freeze)
rCold    + . .     Gourm    .   D - +2 large shield {reflect}
rNeg     + + +     Faith    .   E - +0 plate armour
rPois    ∞         Spirit   .   (no helmet)
rElec    .         Reflect  +   e - +1 cloak
rCorr    .         Harm     .   c - +2 pair of gloves
MR       ++...                  (no boots)
Stlth    ..........             (no amulet)
HPRegen  0.25/turn              y - ring of protection from magic
MPRegen  0.16/turn              f - ring of protection from fire

@: heroism
A: no food or potions, fire vulnerability, cold resistance 1, negative energy
resistance 3, torment resistance, unbreathing, in touch with death 1
a: Heroism, Renounce Religion


You were on level 13 of the Dungeon.
You worshipped Okawaru.
Okawaru was greatly pleased with you.
You were not hungry.

You visited 2 branches of the dungeon, and saw 15 of its levels.

You collected 854 gold pieces.
You spent 397 gold pieces at shops.

Inventory:

Hand Weapons
 a - a +1 hunting sling of freezing (weapon)
 b - the +5 spear of Exoneration {speed, rElec Str+4}
   (You found it on level 4 of the Dungeon)

   Attacks with this weapon are significantly faster.
   It affects your strength (+4).
   It insulates you from electricity.
 G - a +2 blowgun
Missiles
 j - 381 stones
 n - 197 sling bullets (quivered)
 B - 2 throwing nets
Armour
 c - a +2 pair of gloves (worn)
 e - a +1 cloak (worn)
 D - a +2 large shield of reflection (worn)
 E - a +0 plate armour (worn)
Jewellery
 f - a ring of protection from fire (right hand)
 y - a ring of protection from magic (left hand)
 A - an uncursed ring of magical power
 C - an uncursed ring of protection from fire
 F - an uncursed ring of positive energy {unknown}
Wands
 p - a wand of scattershot (7)
 r - a wand of paralysis (10)
 t - a wand of enslavement (17)
 u - a wand of polymorph (28)
 w - a wand of iceblast (12)
 x - a wand of digging (9)
Scrolls
 d - 7 scrolls of teleportation {!r}
 g - 9 scrolls of remove curse {!r}
 h - 3 scrolls of blinking {!r}
 i - 3 scrolls of enchant armour {!r}
 l - 3 scrolls of enchant weapon {!r}
 m - 4 scrolls of immolation {!r}
 o - 7 scrolls of magic mapping {!r}
 q - 6 scrolls of amnesia {!r}
 v - 4 scrolls of fog {!r}
 z - 4 scrolls of identify {!r}


   Skills:
 + Level 6.7(11.7) Fighting
   Level 2.0(7.0) Long Blades
 - Level 14.0(19.0) Slings
 + Level 5.6(10.6) Armour
 + Level 5.5(10.5) Dodging
 + Level 5.6(10.6) Shields
 - Level 8.0 Invocations
 + Level 4.8 Evocations


You had 12 spell levels left.
You didn't know any spells.
Your spell library contained the following spells:

 Spells                   Type           Power        Failure   Level  Hunger
 Cause Fear               Hex            #.........   100%        4    N/A
 Magic Dart               Conj           #...         100%        1    N/A
 Conjure Flame            Conj/Fire      #.......     100%        3    N/A
 Slow                     Hex            #.......     100%        2    N/A
 Throw Frost              Conj/Ice       #.....       100%        2    N/A
 Mephitic Cloud           Conj/Pois/Air  #.......     100%        3    N/A
 Blink                    Tloc           N/A          100%        2    N/A
 Freeze                   Ice            #...         100%        1    N/A
 Summon Ice Beast         Ice/Summ       #.......     100%        4    N/A
 Ozocubu's Armour         Chrm/Ice       #.......     100%        3    N/A
 Call Imp                 Summ           #.......     100%        2    N/A
 Throw Icicle             Conj/Ice       #.......     100%        4    N/A
 Corona                   Hex            #......      100%        1    N/A
 Portal Projectile        Hex/Tloc       #.....       100%        3    N/A
 Leda's Liquefaction      Hex/Erth       #.........   100%        4    N/A
 Inner Flame              Hex/Fire       #.......     100%        3    N/A

Dungeon Overview and Level Annotations

Branches:
Dungeon (14/15)            Temple (1/1) D:5            Lair (0/6) D:8
    Orc (0/2) D:12         Vaults (0/5) D:13

Altars:
Cheibriados
Hepliaklqana
Kikubaaqudgha
Okawaru
Qazlal
Sif Muna
Trog
Uskayaw
Wu Jian
Xom
Zin
The Shining One
Beogh
Jiyva

Shops:
D:5 *   D:8 !(*!(   D:14 }

Annotations:
D:5 Hebeh's ghost, novice MiFi
D:8 kr3s1m1r's ghost, novice BaFE
D:12 exclusion: downstairs
D:14 1 runed door


Innate Abilities, Weirdness & Mutations

You do not eat or drink.
Your flesh is vulnerable to fire.
You are immune to poison.
Your flesh is cold resistant. (rC+)
You are immune to negative energy. (rN+++)
You are immune to unholy pain and torment.
You can survive without breathing.
You are in touch with the powers of death.


Message History

The sling bullet freezes the fire dragon.
The fire dragon is moderately wounded.
Firing (i - inventory. (/) - cycle)
n - 205 sling bullets (quivered)
Press: ? - help, Shift-Dir - straight line, f/p - fire dragon
Aim: a fire dragon (moderately wounded)
You shoot a sling bullet. The sling bullet hits the fire dragon!
The sling bullet freezes the fire dragon!
The fire dragon is heavily wounded.
You block the fire dragon's attack.
The fire dragon claws you but does no damage.
You block the fire dragon's attack.
Firing (i - inventory. (/) - cycle)
n - 204 sling bullets (quivered)
Press: ? - help, Shift-Dir - straight line, f/p - fire dragon
Aim: a fire dragon (heavily wounded)
You shoot a sling bullet.
The sling bullet hits the fire dragon but does no damage.
The fire dragon is heavily wounded.
The fire dragon breathes flames at you. The blast of flame hits you!
* * * LOW HITPOINT WARNING * * *
Firing (i - inventory. (/) - cycle)
n - 203 sling bullets (quivered)
Press: ? - help, Shift-Dir - straight line, f/p - fire dragon
Aim: a fire dragon (heavily wounded, catching its breath)
You shoot a sling bullet.
The sling bullet closely misses the fire dragon.
Firing (i - inventory. (/) - cycle)
n - 202 sling bullets (quivered)
Press: ? - help, Shift-Dir - straight line, f/p - fire dragon
Aim: a fire dragon (heavily wounded, catching its breath)
You shoot a sling bullet. The sling bullet hits the fire dragon!
The sling bullet freezes the fire dragon!
The fire dragon is almost dead.
You block the fire dragon's attack. The fire dragon barely misses you.
You block the fire dragon's attack.
Firing (i - inventory. (/) - cycle)
n - 201 sling bullets (quivered)
Press: ? - help, Shift-Dir - straight line, f/p - fire dragon
Aim: a fire dragon (almost dead, catching its breath)
You shoot a sling bullet.
The sling bullet barely misses the fire dragon.
The fire dragon completely misses you. The fire dragon closely misses you.
You block the fire dragon's attack.
Firing (i - inventory. (/) - cycle)
n - 200 sling bullets (quivered)
Press: ? - help, Shift-Dir - straight line, f/p - fire dragon
Aim: a fire dragon (almost dead, catching its breath)
You shoot a sling bullet.
The sling bullet hits the fire dragon but does no damage.
The fire dragon is almost dead.
Firing (i - inventory. (/) - cycle)
n - 199 sling bullets (quivered)
Press: ? - help, Shift-Dir - straight line, f/p - fire dragon
Aim: a fire dragon (almost dead, catching its breath)
You shoot a sling bullet.
The sling bullet hits the fire dragon but does no damage.
The fire dragon is almost dead.
The fire dragon bites you.
* * * LOW HITPOINT WARNING * * *
The fire dragon barely misses you. You block the fire dragon's attack.
Firing (i - inventory. (/) - cycle)
n - 198 sling bullets (quivered)
Press: ? - help, Shift-Dir - straight line, f/p - fire dragon
Aim: a fire dragon (severely wounded, catching its breath)
You shoot a sling bullet.
The sling bullet hits the fire dragon but does no damage.
The fire dragon is severely wounded.
The fire dragon breathes flames at you. The blast of flame hits you!
You die...

.....≈....#######.# #.## #.##
......).......[...# #..# #...
..........[[#############.## #.##
.............###......# #..# #.#
...(.≈≈≈......##.####.# ##.###.#
....≈≈≈≈.......#.# #.####..##(##
..≈≈≈≈≈≈.........# #............
..≈≈≈≈≈≈.........# #.........(..
..≈≈≈≈≈≈........@# #.........(..
..[...(.........D# ##........(##
...[.(<........#(# #....DD#..#
......!.......##(### #......#..#
.............###(..# #......#D.#
..).........## #(### #......##D#
....≈.....(#####(#####......##.##
....≈.....#(....(...........##...
..≈......##.....≈.....≈.....#####


You could see a fire dragon.

Vanquished Creatures
  Rupert (D:13)
  Josephine (D:11)
  An ice dragon (D:13)
  4 centaur warriors
  4 two-headed ogres
  Sonja (D:14)
  An unseen horror (D:11)
  A deep elf mage (D:10)
  2 orc knights
  6 ugly things
  2 manticores
  2 cyclopes (D:14)
  A guardian serpent (shapeshifter) (D:13)
  3 gargoyles
  5 kobold demonologists
  An efreet (D:14)
  A merfolk (D:9)
  6 trolls
  A slime creature (D:8)
  Prince Ribbit (D:8)
  9 hippogriffs
  7 wraiths
  A water elemental (D:12)
  A shadow (D:12)
  15 humans
  14 yaks
  2 hungry ghosts
  Grum (D:11)
  Menkaure (D:5)
  2 water moccasins
  A sky beast (D:5)
  2 black bears
  8 orc warriors
  5 ice beasts
  2 phantoms
  A hornet zombie (D:13)
  An ogre (shapeshifter) (D:14)
  9 ogres
  5 wolves (D:8)
  11 centaurs
  A crocodile (D:8)
  Blork the orc (D:4)
  5 big kobolds
  9 bullfrogs
  4 scorpions
  16 killer bees
  3 wights (D:6)
  5 howler monkeys
  5 crimson imps
  3 bullfrog zombies
  4 centaur zombies
  3 quasits
  6 orc priests
  10 hounds
  8 jellies
  7 bullfrog skeletons
  4 centaur skeletons
  Crazy Yiuf (D:3)
  8 orc wizards
  8 iguanas
  10 worker ants
  A killer bee zombie (D:6)
  A howler monkey zombie (D:7)
  3 worker ant zombies
  4 gnolls (D:6)
  A howler monkey skeleton (D:4)
  10 adders
  4 shadow imps
  An ooze (D:3)
  An adder skeleton (D:4)
  3 worms
  5 leopard geckos
  51 orcs
  A ball python (D:2)
  5 bats
  3 giant cockroaches
  10 goblins
  9 hobgoblins
  8 jackals
  8 quokkas
  3 frilled lizards
  A jackal skeleton (D:4)
  A jackal zombie (D:5)
  33 kobolds
  A quokka zombie (D:9)
  7 rats
439 creatures vanquished.

Vanquished Creatures (others)
  A jelly (D:14)
  An adder (D:3)
2 creatures vanquished.

Grand Total: 441 creatures vanquished

Notes
Turn   | Place    | Note
-------+----------+-------------------------------------------
     0 | D:1      | Amnesiac the Mummy Fighter began the quest for the Orb.
     0 | D:1      | Reached XP level 1. HP: 18/18 MP: 1/1
   123 | D:1      | Reached XP level 2. HP: 10/24 MP: 2/2
   194 | D:1      | Reached skill level 1 in Dodging
   980 | D:1      | Reached XP level 3. HP: 29/29 MP: 3/3
  1885 | D:3      | Reached skill level 1 in Slings
  1885 | D:3      | Reached XP level 4. HP: 32/35 MP: 4/4
  2030 | D:3      | Reached skill level 2 in Slings
  2093 | D:3      | Noticed an ogre
  2114 | D:3      | Killed an ogre
  2114 | D:3      | Reached skill level 3 in Slings
  2114 | D:3      | Reached XP level 5. HP: 41/41 MP: 5/5
  2177 | D:3      | Found a runed door.
  2786 | D:3      | Noticed Crazy Yiuf
  2788 | D:3      | Killed Crazy Yiuf
  2864 | D:4      | Reached XP level 6. HP: 47/47 MP: 6/6
  2950 | D:4      | Noticed Blork the orc
  2964 | D:4      | Killed Blork the orc
  2964 | D:4      | Reached skill level 4 in Slings
  3123 | D:4      | Got a steaming spear
  3137 | D:4      | Identified the +5 spear of Exoneration {speed, rElec Str+4} (You found it on level 4 of the Dungeon)
  3237 | D:4      | Got a twisted leather armour
  3358 | D:4      | Identified the +0 leather armour of Heuklosy {rN+ Int+3 SInv} (You found it on level 4 of the Dungeon)
  3409 | D:4      | Reached skill level 5 in Slings
  3589 | D:5      | Entered Level 5 of the Dungeon
  3600 | D:5      | Noticed a sky beast
  3615 | D:5      | Killed a sky beast
  3615 | D:5      | Reached XP level 7. HP: 49/52 MP: 7/7
  3649 | D:5      | Noticed Menkaure
  3768 | D:5      | Killed Menkaure
  3768 | D:5      | Reached skill level 6 in Slings
  4063 | D:5      | Found a staircase to the Ecumenical Temple.
  4068 | Temple   | Entered the Ecumenical Temple
  4180 | Temple   | Became a worshipper of Warmaster Okawaru
  4258 | D:5      | Reached skill level 7 in Slings
  4264 | D:5      | Reached XP level 8. HP: 37/58 MP: 8/8
  4419 | D:5      | Found Umniropt's General Store.
  4424 | D:5      | Bought a scroll of fog for 26 gold pieces
  4424 | D:5      | Bought a scroll of identify for 26 gold pieces
  4432 | D:5      | Bought a +0 pair of gloves for 58 gold pieces
  4725 | D:6      | Found a runed door.
  4745 | D:6      | Reached * piety under Okawaru
  4746 | D:6      | Reached skill level 8 in Slings
  4913 | D:6      | Reached skill level 1 in Invocations
  5017 | D:6      | Reached skill level 9 in Slings
  5082 | D:6      | Reached ** piety under Okawaru
  5102 | D:6      | Reached XP level 9. HP: 62/63 MP: 10/10
  5501 | D:6      | Got an encrusted mace
  5502 | D:6      | Identified the +6 mace of Defiance {freeze, Stlth+} (You found it on level 6 of the Dungeon)
  5665 | D:6      | Noticed Hebeh's ghost (novice MiFi)
  6511 | D:7      | Reached skill level 10 in Slings
  6707 | D:8      | Found Deshouza's Assorted Antiques.
  6717 | D:8      | Found Poggiuhe's Distillery.
  6752 | D:8      | Bought a shiny silver wand for 100 gold pieces
  6752 | D:8      | Bought a scroll of blinking for 187 gold pieces
  6761 | D:8      | Found Fasti's Antique Weapon Shoppe.
  6770 | D:8      | Found a runed gate.
  6775 | D:8      | Found a runed gate.
  6782 | D:8      | Found a runed gate.
  6782 | D:8      | Noticed kr3s1m1r's ghost (novice BaFE)
  6812 | D:8      | Found Aniero's Distillery.
  6816 | D:8      | Reached *** piety under Okawaru
  7006 | D:8      | Noticed Prince Ribbit
  7017 | D:8      | Killed Prince Ribbit
  7102 | D:8      | Reached XP level 10. HP: 61/70 MP: 13/13
  7319 | D:8      | Found Jiruo's Antique Weapon Shop.
  7393 | D:8      | Noticed Maurice
  7451 | D:8      | Reached skill level 5 in Invocations
  7496 | D:8      | Noticed a gargoyle
  7517 | D:8      | Killed a gargoyle
  7710 | D:8      | Received a gift from Okawaru
  7710 | D:8      | Reached skill level 11 in Slings
  7751 | D:8      | Noticed Maurice
  7757 | D:8      | Killed Maurice the wolf
  8009 | D:8      | Found a staircase to the Lair.
  8074 | D:8      | Found a viscous altar of Jiyva.
  8206 | D:8      | Reached **** piety under Okawaru
  8437 | D:9      | Found a hide-covered altar of Uskayaw.
  8495 | D:9      | Received a gift from Okawaru
  8521 | D:9      | Noticed a two-headed ogre
  8530 | D:9      | Killed a two-headed ogre
  8927 | D:9      | Noticed a two-headed ogre
  8952 | D:9      | Killed a two-headed ogre
  8952 | D:9      | Received a gift from Okawaru
  8952 | D:9      | Reached skill level 12 in Slings
  9247 | D:9      | You fall through a shaft!
  9247 | D:10     | Entered Level 10 of the Dungeon
  9247 | D:10     | Noticed a deep elf mage
  9260 | D:10     | Killed a deep elf mage
  9260 | D:10     | Reached XP level 11. HP: 52/75 MP: 14/16
  9528 | D:9      | Received a gift from Okawaru
  9528 | D:9      | Reached ***** piety under Okawaru
 10040 | D:10     | Received a gift from Okawaru
 10277 | D:10     | Received a gift from Okawaru
 10450 | D:10     | Found the +5 scythe "Finisher" {speed, Str+3}
 11048 | D:11     | Noticed Josephine
 11239 | D:11     | Noticed Grum
 11260 | D:11     | Killed Grum
 11260 | D:11     | Reached skill level 13 in Slings
 11276 | D:11     | Noticed a two-headed ogre
 11331 | D:11     | Noticed a sixfirhy
 11348 | D:11     | Killed a two-headed ogre
 11348 | D:11     | Received a gift from Okawaru
 11876 | D:11     | Killed Josephine
 11876 | D:11     | Received a gift from Okawaru
 11889 | D:11     | HP: 3/75 [something (3)]
 12265 | D:11     | Noticed a two-headed ogre
 12285 | D:11     | Killed a two-headed ogre
 12285 | D:11     | Reached XP level 12. HP: 51/81 MP: 18/18
 12302 | D:11     | Reached skill level 14 in Slings
 13291 | D:11     | Reached skill level 1 in Evocations
 13386 | D:11     | Found a roughly hewn altar of Beogh.
 14388 | D:12     | Found a staircase to the Orcish Mines.
 15053 | D:13     | Found a gate to the Vaults.
 15053 | D:13     | Noticed Rupert
 15053 | D:13     | Noticed a centaur warrior
 15708 | D:13     | Noticed a centaur warrior
 15713 | D:13     | Killed a centaur warrior
 15748 | D:13     | Killed a centaur warrior
 16072 | D:13     | Noticed a centaur warrior
 16281 | D:13     | Killed a centaur warrior
 16290 | D:13     | Reached skill level 5 in Fighting
 16522 | D:13     | Received a gift from Okawaru
 16829 | D:13     | Received a gift from Okawaru
 17083 | D:13     | Received a gift from Okawaru
 17099 | D:13     | Gained mutation: You are in touch with the powers of death. [Mummy growth]
 17099 | D:13     | Reached XP level 13. HP: 92/92 MP: 19/19
 17279 | D:13     | Killed Rupert
 17420 | D:13     | Found a glowing silver altar of Zin.
 17594 | D:14     | Noticed Sonja
 17606 | D:14     | Received a gift from Okawaru
 17690 | D:14     | Found Vainymam's Gadget Shoppe.
 17724 | D:14     | Reached skill level 5 in Armour
 17724 | D:14     | Reached skill level 5 in Shields
 18222 | D:14     | Reached skill level 5 in Dodging
 18815 | D:14     | Received a gift from Okawaru
 18893 | D:14     | Received a gift from Okawaru
 19099 | D:14     | Found a runed door.
 19100 | D:14     | Noticed a fire dragon
 19100 | D:14     | Noticed a fire dragon
 19103 | D:14     | Found the +2 shield of Resistance {rF+ rC+ MR+}
 19114 | D:14     | Found a runed door.
 19349 | D:14     | Killed Sonja
 19793 | D:13     | Killed from afar by a fire dragon

Vault maps used:
D:1:      dpeg_arrival_triangle_fractal, hangedman_abyss_or_decor_stabs
D:3:      lemuel_old_faithful, uniq_crazy_yiuf_cottage
D:4:      uniq_blork_the_orc
D:5:      temple_doors_ab, serial_shops, shop, first_ration, uniq_menkaure
D:6:      ebering_ghost_sewer_d
D:8:      lair_entry_dummy, serial_shops, nicolae_shop_crystal, shop, shop,
          nicolae_shop_trees, shop, gammafunk_ghost_ooze, uniq_grum,
          uniq_maurice, uniq_prince_ribbit1
D:9:      lemuel_crystal_altar, hangedman_fish_farm
D:10:     minmay_guarded_unrand_finisher
D:11:     special_room, uniq_josephine
D:12:     orc_0_dummy
D:13:     david_vaults_3, lemuel_tele_altar, uniq_rupert
D:14:     serial_shops, shop, hangedman_abyss_or_decor_clamps,
          minmay_guarded_unrand_resistance, uniq_sonja
Temple:   roderic_octagonal_lattice_temple

Skill      XL: |  1  2  3  4  5  6  7  8  9 10 11 12 13 |
---------------+----------------------------------------+-----
Long Blades    | 2 |  2.0
Dodging        | 1 2 4 5 |  5.5
Slings         | 1 3 5 7 9 10 12 13 14 | 14.0
Invocations    | 2 4 6 8 |  8.0
Evocations     | 3 4 |  4.8
Armour         | 4 5 |  5.6
Shields        | 4 5 |  5.6
Fighting       | 5 6 |  6.7

Action                   |  1- 3 |  4- 6 |  7- 9 | 10-12 | 13-15 || total
-------------------------+-------+-------+-------+-------+-------++-------
Melee: Long sword        |   126 |       |       |       |       ||   126
       Spear             |       |    45 |    78 |       |       ||   123
 Fire: Hunting sling     |    18 |   117 |   394 |  1601 |   371 ||  2501
Throw: Throwing net      |       |       |       |     2 |       ||     2
Invok: Heroism           |       |       |       |     8 |     6 ||    14
       Finesse           |       |       |       |     3 |     5 ||     8
Evoke: Wand              |       |       |       |     3 |       ||     3
  Use: Scroll            |     4 |       |     3 |     5 |     5 ||    17
Armor: Scale mail        |    11 |       |       |       |       ||    11
       Ring mail         |    44 |    29 |    77 |   179 |       ||   329
       Plate armour      |       |       |       |    84 |    61 ||   145
Dodge: Dodged            |    52 |    25 |    54 |   198 |    40 ||   369
Block: Shield            |    78 |    35 |    91 |   261 |    47 ||   512
       Large shield      |       |       |       |       |    34 ||    34
       Rpst.: Long sword |    17 |       |       |       |       ||    17

Table legend:
 A = Spawn XP
 B = Non-spawn XP
 C = Spawn XP percentage of total XP
 D = Spawn monster count
 E = Non-spawn monster count
 F = Spawn count percentage of total count
 G = Total turns spent on level
                    A         B        C        D         E        F      G
               +---------+---------+-------+---------+---------+-------+---------
         Total |       0 |   52806 |   0.0 |       0 |     439 |   0.0 | 19793
               +---------+---------+-------+---------+---------+-------+---------
           D:1 |       0 |      41 |   0.0 |       0 |      24 |   0.0 |  1005
           D:2 |       0 |      40 |   0.0 |       0 |      17 |   0.0 |   849
           D:3 |       0 |     256 |   0.0 |       0 |      23 |   0.0 |   984
           D:4 |       0 |     357 |   0.0 |       0 |      14 |   0.0 |   831
           D:5 |       0 |    1021 |   0.0 |       0 |      15 |   0.0 |   974
           D:6 |       0 |    1440 |   0.0 |       0 |      44 |   0.0 |  1093
           D:7 |       0 |    1248 |   0.0 |       0 |      18 |   0.0 |   838
           D:8 |       0 |    2923 |   0.0 |       0 |      37 |   0.0 |  1746
           D:9 |       0 |    4410 |   0.0 |       0 |      28 |   0.0 |  1123
          D:10 |       0 |    3246 |   0.0 |       0 |      43 |   0.0 |  1574
          D:11 |       0 |   10418 |   0.0 |       0 |      73 |   0.0 |  2736
          D:12 |       0 |    3849 |   0.0 |       0 |      21 |   0.0 |  2326
          D:13 |       0 |   13641 |   0.0 |       0 |      45 |   0.0 |  2080
          D:14 |       0 |    9916 |   0.0 |       0 |      37 |   0.0 |  1505
               +---------+---------+-------+---------+---------+-------+---------
